Rocket vs Eagles
Created - March 25, 2024 at 19:04
Goals
|
Rocket |
0 |
0 |
1 |
1 |
Eagles |
1 |
0 |
2 |
3 |
|
Shots
|
Rocket |
9 |
7 |
6 |
22 |
Eagles |
15 |
11 |
8 |
34 |
|
1st period
1. Eagles , Joseph Blandisi 31 (Jared McCann 23, Anthony Duclair 17) at 14:19
Penalties :
No Penalty
2nd period
No Goal
Penalties :
Keaton Middleton (Col) for Hooking (Minor) at 11:21, Nick Cousins (Col) for Roughing (Minor) at 17:16
3rd period
2. Rocket , Raphael Bussieres 5 (JC Lipon 10, Andrei Mironov 20) at 14:31
3. Eagles , Anthony Duclair 17 (Nick Cousins 23, Drake Caggiula 35) at 15:12
4. Eagles , Connor Carrick 5 (Joseph Blandisi 37) at 19:40 (PP)
Penalties :
Jack Dougherty (Col) for Roughing (Minor) at 0:15, Mattias Samuelsson (Col) for Delaying the game (Minor) at 4:57, Michael Carcone (Col) for Goalie Interference (Minor) at 7:25, Viktor Loov (Lav) for Hooking (Minor) at 11:34, Drake Caggiula (Col) for Roughing (Minor) at 12:00, Scott Wilson (Lav) for Slashing (Minor) at 17:07, Mikhail Maltsev (Lav) for Holding (Minor) at 19:31
Goalie Stats
Eamon McAdam (Lav), 31 saves from 34 shots - (0.912), L, 15-12-5, 60:00 minutes
Daniel Altshuller (Col), 21 saves from 22 shots - (0.955), W, 8-2-1, 60:00 minutes
Players Stats for Rocket
Player Name G A P +/- PIM S H SB GA TA FO MP PP MP PK MP
------------------------------------------------------------------------------------
Andrei Mironov 0 1 1 -1 0 0 0 0 0 1 0/0 20:50 4:39 0:46
Branden Troock 0 0 0 0 0 0 0 0 0 0 0/1 2:07 0:30 0:56
Brandon Pirri 0 0 0 0 0 1 5 1 0 0 1/8 22:25 5:01 1:20
Chris Bigras 0 0 0 0 0 0 0 2 0 0 0/0 23:34 5:42 1:48
Dean Kukan 0 0 0 0 0 2 1 2 0 0 0/0 27:21 5:42 1:48
Dominic Turgeon 0 0 0 0 0 4 2 0 0 1 15/25 21:17 5:01 0:44
Dylan DeMelo 0 0 0 0 0 1 2 1 0 0 0/0 13:05 0:26 0:00
Francis Perron 0 0 0 0 0 0 1 0 0 0 0/0 2:07 0:30 0:59
Jack Glover 0 0 0 0 0 0 0 0 0 0 0/0 11:49 0:00 0:00
Jakob Lilja 0 0 0 0 0 0 1 0 0 1 0/0 11:24 0:00 0:18
JC Lipon 0 1 1 1 0 1 4 0 0 0 0/0 7:56 0:00 0:00
Karson Kuhlman 0 0 0 0 0 4 1 0 3 0 2/4 11:06 0:00 0:00
Luke Kunin 0 0 0 1 0 4 0 0 0 0 3/4 7:56 0:00 0:00
MacKenzie Entwistle 0 0 0 0 0 0 0 0 0 0 0/0 0:00 0:00 0:00
Mikhail Maltsev 0 0 0 0 2 0 0 0 0 0 0/0 1:38 0:35 0:00
Peter Holland 0 0 0 -2 0 0 3 0 0 0 3/9 15:56 4:45 0:16
Raphael Bussieres 1 0 1 1 0 2 0 0 0 0 0/0 7:56 0:00 0:00
Ryan Collins 0 0 0 0 0 0 0 0 0 0 0/0 3:47 0:00 0:00
Scott Wilson 0 0 0 0 2 0 4 0 0 1 0/0 22:10 5:06 0:35
Sergey Tolchinsky 0 0 0 -2 0 0 2 0 1 0 0/0 15:21 4:45 0:00
Taylor Leier 0 0 0 0 0 0 0 0 0 0 0/0 0:00 0:00 0:00
Troy Terry 0 0 0 0 0 1 0 0 0 0 0/0 11:06 0:00 0:00
Ty Rattie 0 0 0 -2 0 1 4 0 0 0 0/0 15:21 4:45 0:00
Viktor Loov 0 0 0 -1 2 1 2 0 0 1 0/0 19:38 4:18 0:46
Zack MacEwen 0 0 0 0 0 0 0 0 0 0 0/0 0:00 0:00 0:00
Players Stats for Eagles
Player Name G A P +/- PIM S H SB GA TA FO MP PP MP PK MP
------------------------------------------------------------------------------------
Anthony Duclair 1 1 2 0 0 3 1 0 0 0 1/1 20:01 1:17 4:17
Chris Calhan 0 0 0 0 0 0 0 0 0 0 0/0 7:49 0:00 0:00
Connor Carrick 1 0 1 0 0 3 1 1 1 1 0/0 26:09 2:03 5:35
Drake Caggiula 0 1 1 0 2 1 1 0 0 0 8/16 17:09 1:16 3:17
Gabriel Vilardi 0 0 0 1 0 1 1 1 0 0 1/1 15:36 1:17 2:14
Jack Dougherty 0 0 0 1 2 1 1 2 0 0 0/0 22:19 1:31 3:56
Jared McCann 0 1 1 1 0 3 1 0 0 1 7/17 18:19 0:00 5:17
Jonathan Racine 0 0 0 0 0 0 4 0 0 0 0/0 17:26 0:01 3:57
Joseph Blandisi 1 1 2 1 0 8 0 0 2 0 0/2 13:44 1:17 0:14
Keaton Middleton 0 0 0 1 2 1 1 0 0 0 0/0 25:08 1:32 4:03
Matteson Iacopelli 0 0 0 0 0 4 2 0 0 0 1/1 11:37 0:00 0:00
Mattias Samuelsson 0 0 0 0 2 0 1 1 0 0 0/0 14:23 0:01 1:17
Michael Carcone 0 0 0 0 2 3 1 0 0 1 0/0 11:50 0:00 0:00
Nick Cousins 0 1 1 0 2 2 3 0 1 0 1/1 14:25 1:17 0:00
Ryan Murphy 0 0 0 0 0 0 3 1 0 1 0/0 15:19 0:00 1:54
Sam Steel 0 0 0 0 0 1 0 0 0 0 4/7 12:49 0:00 0:00
Tyler Motte 0 0 0 0 0 2 1 0 0 0 0/0 13:50 0:00 5:21
Zach Aston-Reese 0 0 0 0 0 1 1 0 1 0 4/5 10:07 1:17 0:02
3 Stars
1 - Joseph Blandisi (Col)
2 - Anthony Duclair (Col)
3 - Daniel Altshuller (Col)
Power Play
Rocket - 0 on 6 Attempt(s) - 0.00%
Eagles - 1 on 3 Attempt(s) - 33.33%
Penalty Kill
Rocket - 2 on 3 Attempt(s) - 66.67%
- Score 0 goal in Penalty Kill
Eagles - 6 on 6 Attempt(s) - 100.00%
- Score 0 goal in Penalty Kill
Team Stat
Rocket - Hits : 32 - Faceoff Wins : 24 - Blocked Shots : 6 - Penalty Minutes : 6
Eagles - Hits : 23 - Faceoff Wins : 27 - Blocked Shots : 6 - Penalty Minutes : 12
Official
Referees : Brad Meier and Ghislain Hebert
Linesman : Steve Barton and Shandor Alphonso
Game Notes
Ryan Murphy is injured at 0:08 of 3rd period (Back)
Finance
Level 1 -- Attendance: 1782 (89.10%) -- Ticket Income $124,740
Level 2 -- Attendance: 906 (90.60%) -- Ticket Income $36,240
Total Attendance: 2688 (89.60%)
Total Ticket Income: $160,980
Other Income: $8,049
Total Income: $169,029
Rocket
5 vs 5 Forward
Center Left Wing Right Wing Time % Phy DF OF
1 Dominic Turgeon Brandon Pirri Scott Wilson 40 1 2 2
2 Peter Holland Sergey Tolchinsky Ty Rattie 30 1 2 2
3 Karson Kuhlman Jakob Lilja Troy Terry 20 1 2 2
4 Luke Kunin Raphael Bussieres JC Lipon 10 1 2 2
5 vs 5 Defense
Defense Defense Time % Phy DF OF
1 Dean Kukan Chris Bigras 40 1 2 2
2 Viktor Loov Andrei Mironov 30 1 2 2
3 Dylan DeMelo Jack Glover 20 1 2 2
4 Ryan Collins Dean Kukan 10 1 2 2
PowerPlay Forward
Center Left Wing Right Wing Time % Phy DF OF
1 Dominic Turgeon Brandon Pirri Scott Wilson 60 1 2 2
2 Peter Holland Sergey Tolchinsky Ty Rattie 40 1 2 2
PowerPlay Defense
Defense Defense Time % Phy DF OF
1 Dean Kukan Chris Bigras 60 1 2 2
2 Viktor Loov Andrei Mironov 40 1 2 2
Penalty Kill 4 Players Forward
Center Wing Time % Phy DF OF
1 Brandon Pirri Scott Wilson 60 1 2 2
2 Dominic Turgeon Peter Holland 40 1 2 2
Penalty Kill 4 Players Defense
Defense Defense Time % Phy DF OF
1 Dean Kukan Chris Bigras 60 1 2 2
2 Viktor Loov Andrei Mironov 40 1 2 2
Penalty Kill - 3 Players Forward
Forward Time % Phy DF OF
1 Brandon Pirri 60 1 2 2
2 Scott Wilson 40 1 2 2
Penalty Kill - 3 Players Defense
Defense Defense Time % Phy DF OF
1 Dean Kukan Chris Bigras 60 1 2 2
2 Viktor Loov Andrei Mironov 40 1 2 2
4 vs 4 Forward
Center Wing Time % Phy DF OF
1 Brandon Pirri Scott Wilson 60 1 2 2
2 Dominic Turgeon Peter Holland 40 1 2 2
4 vs 4 Defense
Defense Defense Time % Phy DF OF
1 Dean Kukan Chris Bigras 60 1 2 2
2 Viktor Loov Andrei Mironov 40 1 2 2
Last Minutes Offensive
Center Left Wing Right Wing Defense Defense
Dominic Turgeon Brandon Pirri Scott Wilson Dean Kukan Chris Bigras
Last Minutes Defensive
Center Left Wing Right Wing Defense Defense
Dominic Turgeon Brandon Pirri Scott Wilson Dean Kukan Chris Bigras
Goaltenders
Starting : Eamon McAdam
Backup : Jamie Phillips
Extra Forwards
Normal : Mikhail Maltsev, Francis Perron, Branden Troock - PP : Mikhail Maltsev, Francis Perron - PK : Branden Troock
Extra Defensemen
Normal : Dylan DeMelo, Jack Glover, Ryan Collins - PP : Dylan DeMelo - PK : Jack Glover, Ryan Collins
Penalty Shots
Brandon Pirri, Scott Wilson, Dominic Turgeon, Peter Holland, Karson Kuhlman
Custom OT Lines Forwards
Brandon Pirri, Scott Wilson, Dominic Turgeon, Peter Holland, Karson Kuhlman, Sergey Tolchinsky, Ty Rattie, Troy Terry, Jakob Lilja, Raphael Bussieres
Custom OT Lines Defensemen
Dean Kukan, Chris Bigras, Viktor Loov, Andrei Mironov, Dylan DeMelo
Scratches
Damien Giroux (Healthy), Reese Johnson (Healthy), Jake Pivonka (Healthy), Rasmus Sandin (Healthy), Niklas Nordgren (Healthy)
Alexis Gravel (Healthy), Connor Ingram (Healthy)
Eagles
5 vs 5 Forward
Center Left Wing Right Wing Time % Phy DF OF
1 Drake Caggiula Anthony Duclair Nick Cousins 36 1 1 3
2 Jared McCann Joseph Blandisi Gabriel Vilardi 33 1 1 3
3 Sam Steel Michael Carcone Matteson Iacopelli 21 1 2 2
4 Zach Aston-Reese Tyler Motte Chris Calhan 10 1 2 2
5 vs 5 Defense
Defense Defense Time % Phy DF OF
1 Ryan Murphy Jack Dougherty 41 1 2 2
2 Connor Carrick Keaton Middleton 39 1 2 2
3 Jonathan Racine Mattias Samuelsson 20 1 2 2
4 Connor Carrick Ryan Murphy 0 1 2 2
PowerPlay Forward
Center Left Wing Right Wing Time % Phy DF OF
1 Zach Aston-Reese Anthony Duclair Nick Cousins 50 1 1 3
2 Drake Caggiula Joseph Blandisi Gabriel Vilardi 50 1 1 3
PowerPlay Defense
Defense Defense Time % Phy DF OF
1 Connor Carrick Jack Dougherty 55 1 1 3
2 Keaton Middleton Ryan Murphy 45 1 1 3
Penalty Kill 4 Players Forward
Center Wing Time % Phy DF OF
1 Jared McCann Tyler Motte 60 1 3 1
2 Drake Caggiula Anthony Duclair 40 1 3 1
Penalty Kill 4 Players Defense
Defense Defense Time % Phy DF OF
1 Ryan Murphy Connor Carrick 55 1 3 1
2 Jack Dougherty Keaton Middleton 45 1 3 1
Penalty Kill - 3 Players Forward
Forward Time % Phy DF OF
1 Jared McCann 60 1 4 0
2 Drake Caggiula 40 1 4 0
Penalty Kill - 3 Players Defense
Defense Defense Time % Phy DF OF
1 Ryan Murphy Jack Dougherty 60 1 4 0
2 Connor Carrick Keaton Middleton 40 1 4 0
4 vs 4 Forward
Center Wing Time % Phy DF OF
1 Zach Aston-Reese Anthony Duclair 55 1 2 2
2 Sam Steel Nick Cousins 45 1 2 2
4 vs 4 Defense
Defense Defense Time % Phy DF OF
1 Ryan Murphy Jack Dougherty 50 1 2 2
2 Connor Carrick Keaton Middleton 50 1 2 2
Last Minutes Offensive
Center Left Wing Right Wing Defense Defense
Zach Aston-Reese Anthony Duclair Nick Cousins Ryan Murphy Connor Carrick
Last Minutes Defensive
Center Left Wing Right Wing Defense Defense
Jared McCann Tyler Motte Nick Cousins Ryan Murphy Connor Carrick
Goaltenders
Starting : Daniel Altshuller
Backup : Zachary Emond
Extra Forwards
Normal : Sam Steel, Michael Carcone, Gabriel Vilardi - PP : Gabriel Vilardi, Matteson Iacopelli - PK : Gabriel Vilardi
Extra Defensemen
Normal : Keaton Middleton, Connor Carrick, Ryan Murphy - PP : Keaton Middleton - PK : Keaton Middleton, Connor Carrick
Penalty Shots
Gabriel Vilardi, Jared McCann, Zach Aston-Reese, Nick Cousins, Sam Steel
Custom OT Lines Forwards
Nick Cousins, Joseph Blandisi, Jared McCann, Drake Caggiula, Zach Aston-Reese, Tyler Motte, Michael Carcone, Sam Steel, Matteson Iacopelli, Gabriel Vilardi
Custom OT Lines Defensemen
Ryan Murphy, Jack Dougherty, Connor Carrick, Keaton Middleton, Jonathan Racine
Scratches
Dominik Kubalik (Healthy), Kevin Bahl (Healthy), Mark Friedman (Healthy), Tyler Tucker (Healthy), Michael Dal Colle (Healthy)
Xavier Ouellet (Healthy), Alexander Nylander (Healthy), Pius Suter (Healthy), Max Lajoie (Healthy), Pascal Laberge (Healthy)
Marian Studenic (Healthy), Walker Duehr (Healthy), Adin Hill (Left Hand Injury)
% Time on Ice - Rocket
Lines # - Real PCT - Wanted PCT - Time Play
Normal Forward
1 - 34% - 40% - 15:21
2 - 24% - 30% - 10:47
3 - 25% - 20% - 11:06
4 - 18% - 10% - 7:56
Normal Defense
1 - 32% - 40% - 14:35
2 - 33% - 30% - 14:59
3 - 26% - 20% - 11:49
4 - 8% - 10% - 3:47
PP Forward
1 - 53% - 60% - 5:27
2 - 47% - 40% - 4:54
PP Defense
1 - 55% - 60% - 5:42
2 - 45% - 40% - 4:39
PK Forward
1 - 100% - 60% - 2:34
2 - 0% - 40% - 0:00
PK Defense
1 - 70% - 60% - 1:48
2 - 30% - 40% - 0:46
PK3 Forward
1 - 0% - 60%
2 - 0% - 40%
PK3 Defense
1 - 0% - 60%
2 - 0% - 40%
44 Forward
1 - 80% - 60% - 1:14
2 - 20% - 40% - 0:19
44 Defense
1 - 72% - 60% - 1:07
2 - 28% - 40% - 0:26
Last Minute Offensive - 0:22
Last Minute Defensive - 0:00
Total
Forward - 60:00
Defense - 60:00
|
% Time on Ice - Eagles
Lines # - Real PCT - Wanted PCT - Time Play
Normal Forward
1 - 31% - 36% - 13:52
2 - 26% - 33% - 11:51
3 - 26% - 21% - 11:37
4 - 17% - 10% - 7:49
Normal Defense
1 - 40% - 41% - 18:02
2 - 34% - 39% - 15:21
3 - 23% - 20% - 10:20
4 - 3% - 0% - 1:26
PP Forward
1 - 50% - 50% - 1:17
2 - 50% - 50% - 1:17
PP Defense
1 - 40% - 55% - 1:01
2 - 60% - 45% - 1:33
PK Forward
1 - 78% - 60% - 8:05
2 - 22% - 40% - 2:16
PK Defense
1 - 66% - 55% - 6:49
2 - 34% - 45% - 3:32
PK3 Forward
1 - 0% - 60%
2 - 0% - 40%
PK3 Defense
1 - 0% - 60%
2 - 0% - 40%
44 Forward
1 - 63% - 55% - 0:59
2 - 37% - 45% - 0:34
44 Defense
1 - 45% - 50% - 0:42
2 - 55% - 50% - 0:51
Last Minute Offensive - 0:00
Last Minute Defensive - 0:23
Total
Forward - 60:00
Defense - 60:00
|
Play-by-Play
1st period
0:01 of 1st period - Dominic Turgeon wins face-off versus Drake Caggiula in neutral zone.
0:04 of 1st period - Jack Dougherty is hit by Brandon Pirri and loses puck.
0:27 of 1st period - Jack Dougherty is hit by Sergey Tolchinsky and loses puck.
1:09 of 1st period - Wrist shot by JC Lipon.
1:09 of 1st period - Shot Misses the Net.
1:58 of 1st period - Wrist shot by Anthony Duclair.
1:58 of 1st period - Shot Misses the Net.
2:14 of 1st period - Wrist shot by Karson Kuhlman.
2:14 of 1st period - Stopped by Daniel Altshuller with a rebound.
2:16 of 1st period - Wrist shot by Troy Terry.
2:16 of 1st period - Stopped by Daniel Altshuller without a rebound.
2:17 of 1st period - Jared McCann wins face-off versus Karson Kuhlman in Eagles zone.
2:28 of 1st period - Slapshot by Joseph Blandisi.
2:28 of 1st period - Stopped by Eamon McAdam with a rebound.
3:38 of 1st period - Wrist shot by Gabriel Vilardi.
3:38 of 1st period - Stopped by Eamon McAdam without a rebound.
3:39 of 1st period - Dominic Turgeon wins face-off versus Drake Caggiula in Rocket zone.
3:39 of 1st period - Dominic Turgeon is hit by Ryan Murphy.
3:47 of 1st period - Slapshot by Brandon Pirri.
3:47 of 1st period - Stopped by Daniel Altshuller without a rebound.
3:48 of 1st period - Drake Caggiula wins face-off versus Brandon Pirri in Eagles zone.
4:41 of 1st period - Wrist shot by Drake Caggiula.
4:41 of 1st period - Stopped by Eamon McAdam without a rebound.
4:42 of 1st period - Peter Holland wins face-off versus Sam Steel in Rocket zone.
5:16 of 1st period - Dylan DeMelo is hit by Mattias Samuelsson and loses puck.
5:31 of 1st period - Snap shot by Tyler Motte.
5:31 of 1st period - Stopped by Eamon McAdam without a rebound.
5:32 of 1st period - Karson Kuhlman wins face-off versus Jared McCann in Rocket zone.
5:53 of 1st period - Troy Terry is hit by Gabriel Vilardi and loses puck.
6:02 of 1st period - Snap shot by Jared McCann.
6:02 of 1st period - Stopped by Eamon McAdam without a rebound.
6:03 of 1st period - Sam Steel wins face-off versus Peter Holland in Rocket zone.
6:08 of 1st period - Snap shot by Michael Carcone.
6:08 of 1st period - Stopped by Eamon McAdam with a rebound.
6:52 of 1st period - Slapshot by Tyler Motte.
6:52 of 1st period - Stopped by Eamon McAdam with a rebound.
6:54 of 1st period - Backhand shot by Tyler Motte.
6:54 of 1st period - Shot Blocked by Chris Bigras.
6:56 of 1st period - Slapshot by Connor Carrick.
6:56 of 1st period - Stopped by Eamon McAdam without a rebound.
6:57 of 1st period - Peter Holland wins face-off versus Sam Steel in Rocket zone.
6:57 of 1st period - Peter Holland is hit by Ryan Murphy.
7:03 of 1st period - Dean Kukan is hit by Michael Carcone and loses puck.
7:31 of 1st period - Wrist shot by Raphael Bussieres.
7:31 of 1st period - Deflect By Jonathan Racine.
7:31 of 1st period - Stopped by Daniel Altshuller with a rebound.
7:44 of 1st period - Slapshot by Michael Carcone.
7:44 of 1st period - Shot Misses the Net.
7:54 of 1st period - Snap shot by Dominic Turgeon.
7:54 of 1st period - Shot Misses the Net.
8:30 of 1st period - Snap shot by Ty Rattie.
8:30 of 1st period - Shot Misses the Net.
8:36 of 1st period - Viktor Loov is hit by Matteson Iacopelli.
8:50 of 1st period - Snap shot by Michael Carcone.
8:50 of 1st period - Stopped by Eamon McAdam with a rebound.
9:36 of 1st period - Connor Carrick is hit by Jakob Lilja and loses puck.
10:19 of 1st period - Wrist shot by Brandon Pirri.
10:19 of 1st period - Shot Blocked by Mattias Samuelsson.
10:21 of 1st period - Snap shot by Viktor Loov.
10:21 of 1st period - Shot Blocked by Gabriel Vilardi.
10:55 of 1st period - Wrist shot by Luke Kunin.
10:55 of 1st period - Stopped by Daniel Altshuller without a rebound.
10:56 of 1st period - Drake Caggiula wins face-off versus Luke Kunin in Eagles zone.
11:03 of 1st period - Wrist shot by Nick Cousins.
11:03 of 1st period - Stopped by Eamon McAdam without a rebound.
11:04 of 1st period - Drake Caggiula wins face-off versus Peter Holland in Rocket zone.
11:07 of 1st period - Wrist shot by Anthony Duclair.
11:07 of 1st period - Shot Misses the Net.
13:01 of 1st period - Snap shot by Scott Wilson.
13:01 of 1st period - Shot Blocked by Jack Dougherty.
13:03 of 1st period - Snap shot by Brandon Pirri.
13:03 of 1st period - Shot Blocked by Jack Dougherty.
13:40 of 1st period - Slapshot by Luke Kunin.
13:40 of 1st period - Stopped by Daniel Altshuller without a rebound.
13:41 of 1st period - Drake Caggiula wins face-off versus Brandon Pirri in Eagles zone.
14:19 of 1st period - Snap shot by Jared McCann.
14:19 of 1st period - Deflect By Joseph Blandisi.
14:19 of 1st period - Goal by Joseph Blandisi - Rocket : 0 - Eagles : 1.
14:20 of 1st period - Dominic Turgeon wins face-off versus Drake Caggiula in neutral zone.
14:41 of 1st period - Drake Caggiula is hit by Brandon Pirri and loses puck.
15:17 of 1st period - Snap shot by Joseph Blandisi.
15:17 of 1st period - Stopped by Eamon McAdam without a rebound.
15:18 of 1st period - Karson Kuhlman wins face-off versus Sam Steel in Rocket zone.
15:29 of 1st period - Snap shot by Matteson Iacopelli.
15:29 of 1st period - Stopped by Eamon McAdam with a rebound.
15:33 of 1st period - Snap shot by Matteson Iacopelli.
15:33 of 1st period - Stopped by Eamon McAdam without a rebound.
15:34 of 1st period - Dominic Turgeon wins face-off versus Drake Caggiula in Rocket zone.
15:39 of 1st period - Drake Caggiula is hit by Brandon Pirri and loses puck.
17:25 of 1st period - Anthony Duclair is hit by Scott Wilson and loses puck.
17:30 of 1st period - Wrist shot by Dominic Turgeon.
17:30 of 1st period - Deflect By Connor Carrick.
17:30 of 1st period - Stopped by Daniel Altshuller without a rebound.
17:31 of 1st period - Jared McCann wins face-off versus Peter Holland in Eagles zone.
17:31 of 1st period - Jared McCann is hit by Peter Holland.
17:39 of 1st period - Ryan Murphy is hit by Sergey Tolchinsky and loses puck.
18:12 of 1st period - Icing by Zach Aston-Reese.
18:13 of 1st period - Zach Aston-Reese wins face-off versus Dominic Turgeon in Eagles zone.
18:26 of 1st period - Snap shot by Zach Aston-Reese.
18:26 of 1st period - Stopped by Eamon McAdam without a rebound.
18:27 of 1st period - Dominic Turgeon wins face-off versus Drake Caggiula in Rocket zone.
18:27 of 1st period - Dominic Turgeon is hit by Keaton Middleton.
18:41 of 1st period - Connor Carrick is hit by Dominic Turgeon and loses puck.
19:19 of 1st period - Snap shot by Karson Kuhlman.
19:19 of 1st period - Stopped by Daniel Altshuller with a rebound.
19:21 of 1st period - Snap shot by Karson Kuhlman.
19:21 of 1st period - Stopped by Daniel Altshuller with a rebound.
19:30 of 1st period - Off-side.
19:31 of 1st period - Luke Kunin wins face-off versus Zach Aston-Reese in neutral zone.
19:56 of 1st period - Jack Glover is hit by Nick Cousins and loses puck.
Goals for this period are 0 for Rocket vs 1 for Eagles.
Shots for this period are 9 for Rocket vs 15 for Eagles.
2nd period
0:01 of 2nd period - Jared McCann wins face-off versus Dominic Turgeon in neutral zone.
0:14 of 2nd period - Wrist shot by Jared McCann.
0:14 of 2nd period - Shot Misses the Net.
0:16 of 2nd period - Slapshot by Jack Dougherty.
0:16 of 2nd period - Stopped by Eamon McAdam without a rebound.
0:17 of 2nd period - Peter Holland wins face-off versus Drake Caggiula in Rocket zone.
0:49 of 2nd period - Wrist shot by Jared McCann.
0:49 of 2nd period - Shot Blocked by Brandon Pirri.
1:18 of 2nd period - Slapshot by Karson Kuhlman.
1:18 of 2nd period - Stopped by Daniel Altshuller with a rebound.
1:48 of 2nd period - Anthony Duclair is hit by Peter Holland and loses puck.
2:38 of 2nd period - Jonathan Racine is hit by Dylan DeMelo and loses puck.
3:11 of 2nd period - Wrist shot by Ty Rattie.
3:11 of 2nd period - Shot Misses the Net.
3:13 of 2nd period - Slapshot by Dean Kukan.
3:13 of 2nd period - Stopped by Daniel Altshuller with a rebound.
3:35 of 2nd period - Snap shot by Jared McCann.
3:35 of 2nd period - Stopped by Eamon McAdam without a rebound.
3:36 of 2nd period - Luke Kunin wins face-off versus Joseph Blandisi in Rocket zone.
3:46 of 2nd period - Wrist shot by Jared McCann.
3:46 of 2nd period - Stopped by Eamon McAdam with a rebound.
3:48 of 2nd period - Snap shot by Joseph Blandisi.
3:48 of 2nd period - Stopped by Eamon McAdam with a rebound.
3:50 of 2nd period - Snap shot by Joseph Blandisi.
3:50 of 2nd period - Stopped by Eamon McAdam with a rebound.
4:07 of 2nd period - Keaton Middleton is hit by Scott Wilson and loses puck.
4:13 of 2nd period - Icing by Connor Carrick.
4:14 of 2nd period - Drake Caggiula wins face-off versus Peter Holland in Eagles zone.
4:27 of 2nd period - Wrist shot by Nick Cousins.
4:27 of 2nd period - Stopped by Eamon McAdam with a rebound.
4:29 of 2nd period - Slapshot by Connor Carrick.
4:29 of 2nd period - Shot Misses the Net.
4:39 of 2nd period - Snap shot by Nick Cousins.
4:39 of 2nd period - Shot Misses the Net.
5:21 of 2nd period - Snap shot by Nick Cousins.
5:21 of 2nd period - Deflect By Anthony Duclair.
5:21 of 2nd period - Stopped by Eamon McAdam without a rebound.
5:22 of 2nd period - Jared McCann wins face-off versus Dominic Turgeon in Rocket zone.
5:33 of 2nd period - Dean Kukan is hit by Jack Dougherty and loses puck.
5:48 of 2nd period - Troy Terry is hit by Ryan Murphy and loses puck.
7:01 of 2nd period - Wrist shot by Karson Kuhlman.
7:01 of 2nd period - Shot Misses the Net.
8:36 of 2nd period - Dylan DeMelo is hit by Jared McCann and loses puck.
9:28 of 2nd period - Nick Cousins is hit by Scott Wilson and loses puck.
9:45 of 2nd period - Snap shot by Viktor Loov.
9:45 of 2nd period - Deflect By Luke Kunin.
9:45 of 2nd period - Stopped by Daniel Altshuller without a rebound.
9:46 of 2nd period - Luke Kunin wins face-off versus Jared McCann in Eagles zone.
9:49 of 2nd period - Snap shot by JC Lipon.
9:49 of 2nd period - Stopped by Daniel Altshuller with a rebound.
9:55 of 2nd period - Wrist shot by Gabriel Vilardi.
9:55 of 2nd period - Shot Misses the Net.
9:57 of 2nd period - Snap shot by Jared McCann.
9:57 of 2nd period - Deflect By Joseph Blandisi.
9:57 of 2nd period - Stopped by Eamon McAdam with a rebound.
9:59 of 2nd period - Snap shot by Gabriel Vilardi.
9:59 of 2nd period - Shot Blocked by Chris Bigras.
10:01 of 2nd period - Slapshot by Keaton Middleton.
10:01 of 2nd period - Shot Misses the Net.
10:24 of 2nd period - Sam Steel is hit by Dominic Turgeon.
10:28 of 2nd period - Jack Dougherty is hit by Scott Wilson and loses puck.
11:19 of 2nd period - Tyler Motte is hit by JC Lipon and loses puck.
11:21 of 2nd period - Minor Penalty to Keaton Middleton for Hooking.
11:22 of 2nd period - Dominic Turgeon wins face-off versus Jared McCann in Eagles zone.
11:27 of 2nd period - Snap shot by Brandon Pirri.
11:27 of 2nd period - Shot Misses the Net.
13:21 of 2nd period - Penalty to Keaton Middleton is over, Keaton Middleton is back on ice.
13:55 of 2nd period - Jared McCann is hit by Viktor Loov and loses puck.
14:06 of 2nd period - Backhand shot by Michael Carcone.
14:06 of 2nd period - Shot Misses the Net.
14:14 of 2nd period - Snap shot by Sam Steel.
14:14 of 2nd period - Stopped by Eamon McAdam without a rebound.
14:15 of 2nd period - Sam Steel wins face-off versus Peter Holland in Rocket zone.
14:28 of 2nd period - Slapshot by Ty Rattie.
14:28 of 2nd period - Stopped by Daniel Altshuller with a rebound.
14:42 of 2nd period - Dominic Turgeon is hit by Tyler Motte and loses puck.
15:02 of 2nd period - Wrist shot by Gabriel Vilardi.
15:02 of 2nd period - Deflect By Joseph Blandisi.
15:02 of 2nd period - Stopped by Eamon McAdam with a rebound.
15:04 of 2nd period - Snap shot by Sam Steel.
15:04 of 2nd period - Shot Misses the Net.
15:35 of 2nd period - Slapshot by Dylan DeMelo.
15:35 of 2nd period - Stopped by Daniel Altshuller without a rebound.
15:36 of 2nd period - Dominic Turgeon wins face-off versus Jared McCann in Eagles zone.
16:12 of 2nd period - Zach Aston-Reese is hit by Ty Rattie and loses puck.
16:48 of 2nd period - Snap shot by Scott Wilson.
16:48 of 2nd period - Deflect By Brandon Pirri.
16:48 of 2nd period - Shot Misses the Net.
16:48 of 2nd period - Puck is out of play.
16:49 of 2nd period - Dominic Turgeon wins face-off versus Drake Caggiula in Eagles zone.
16:50 of 2nd period - Snap shot by Brandon Pirri.
16:50 of 2nd period - Shot Blocked by Connor Carrick.
16:52 of 2nd period - Slapshot by Dominic Turgeon.
16:52 of 2nd period - Stopped by Daniel Altshuller without a rebound.
16:53 of 2nd period - Drake Caggiula wins face-off versus Dominic Turgeon in Eagles zone.
16:58 of 2nd period - Slapshot by Connor Carrick.
16:58 of 2nd period - Shot Blocked by Dylan DeMelo.
17:08 of 2nd period - Dominic Turgeon is hit by Nick Cousins and loses puck.
17:16 of 2nd period - Minor Penalty to Nick Cousins for Roughing.
17:17 of 2nd period - Jared McCann wins face-off versus Dominic Turgeon in Eagles zone.
17:17 of 2nd period - Jared McCann is hit by Dean Kukan.
19:16 of 2nd period - Penalty to Nick Cousins is over, Nick Cousins is back on ice.
19:17 of 2nd period - Icing by Andrei Mironov.
19:18 of 2nd period - Matteson Iacopelli wins face-off versus Dominic Turgeon in Rocket zone.
19:25 of 2nd period - Wrist shot by Sam Steel.
19:25 of 2nd period - Deflect By Michael Carcone.
19:25 of 2nd period - Stopped by Eamon McAdam with a rebound.
Goals for this period are 0 for Rocket vs 0 for Eagles.
Shots for this period are 7 for Rocket vs 11 for Eagles.
3rd period
0:01 of 3rd period - Dominic Turgeon wins face-off versus Joseph Blandisi in neutral zone.
0:08 of 3rd period - Wrist shot by Brandon Pirri.
0:08 of 3rd period - Shot Blocked by Ryan Murphy.
0:08 of 3rd period - Ryan Murphy from Eagles is injured at 0:08 of 3rd period (Back).
0:09 of 3rd period - Dominic Turgeon wins face-off versus Jared McCann in Eagles zone.
0:15 of 3rd period - Minor Penalty to Jack Dougherty for Roughing.
0:16 of 3rd period - Dominic Turgeon wins face-off versus Jared McCann in Eagles zone.
0:42 of 3rd period - Sergey Tolchinsky is hit by Drake Caggiula.
0:46 of 3rd period - Snap shot by Dean Kukan.
0:46 of 3rd period - Deflect By Drake Caggiula.
0:46 of 3rd period - Stopped by Daniel Altshuller with a rebound.
0:50 of 3rd period - Snap shot by Peter Holland.
0:50 of 3rd period - Shot Misses the Net.
0:52 of 3rd period - Slapshot by Viktor Loov.
0:52 of 3rd period - Stopped by Daniel Altshuller with a rebound.
1:16 of 3rd period - Ty Rattie is hit by Jonathan Racine.
1:26 of 3rd period - Dean Kukan is hit by Jonathan Racine and loses puck.
1:57 of 3rd period - Anthony Duclair is hit by Brandon Pirri.
2:13 of 3rd period - Mattias Samuelsson is hit by Francis Perron and loses puck.
2:15 of 3rd period - Penalty to Jack Dougherty is over, Jack Dougherty is back on ice.
3:01 of 3rd period - Keaton Middleton is hit by JC Lipon and loses puck.
3:07 of 3rd period - Icing by Keaton Middleton.
3:08 of 3rd period - Drake Caggiula wins face-off versus Peter Holland in Eagles zone.
3:08 of 3rd period - Drake Caggiula is hit by Dylan DeMelo.
4:27 of 3rd period - Chris Bigras is hit by Connor Carrick and loses puck.
4:57 of 3rd period - Minor Penalty to Mattias Samuelsson for Delaying the game.
4:58 of 3rd period - Dominic Turgeon wins face-off versus Jared McCann in Eagles zone.
5:13 of 3rd period - Slapshot by Scott Wilson.
5:13 of 3rd period - Shot Misses the Net.
5:57 of 3rd period - Andrei Mironov is hit by Jonathan Racine.
6:19 of 3rd period - Tyler Motte is hit by Ty Rattie and loses puck.
6:30 of 3rd period - Connor Carrick is hit by Ty Rattie and loses puck.
6:57 of 3rd period - Penalty to Mattias Samuelsson is over, Mattias Samuelsson is back on ice.
7:10 of 3rd period - Michael Carcone is hit by Karson Kuhlman.
7:25 of 3rd period - Minor Penalty to Michael Carcone for Goalie Interference.
7:26 of 3rd period - Jared McCann wins face-off versus Dominic Turgeon in Eagles zone.
7:39 of 3rd period - Snap shot by Brandon Pirri.
7:39 of 3rd period - Shot Misses the Net.
7:41 of 3rd period - Slapshot by Brandon Pirri.
7:41 of 3rd period - Shot Misses the Net.
7:51 of 3rd period - Andrei Mironov is hit by Anthony Duclair and loses puck.
9:25 of 3rd period - Penalty to Michael Carcone is over, Michael Carcone is back on ice.
10:07 of 3rd period - Jonathan Racine is hit by JC Lipon and loses puck.
10:21 of 3rd period - Tyler Motte is hit by JC Lipon.
10:49 of 3rd period - Snap shot by Luke Kunin.
10:49 of 3rd period - Shot Misses the Net.
10:51 of 3rd period - Slapshot by Luke Kunin.
10:51 of 3rd period - Stopped by Daniel Altshuller without a rebound.
10:52 of 3rd period - Dominic Turgeon wins face-off versus Jared McCann in Eagles zone.
11:22 of 3rd period - Drake Caggiula is hit by Ty Rattie.
11:34 of 3rd period - Minor Penalty to Viktor Loov for Hooking.
11:35 of 3rd period - Nick Cousins wins face-off versus Brandon Pirri in Rocket zone.
11:36 of 3rd period - Wrist shot by Anthony Duclair.
11:36 of 3rd period - Stopped by Eamon McAdam with a rebound.
11:38 of 3rd period - Slapshot by Keaton Middleton.
11:38 of 3rd period - Deflect By Dean Kukan.
11:38 of 3rd period - Stopped by Eamon McAdam with a rebound.
11:40 of 3rd period - Snap shot by Anthony Duclair.
11:40 of 3rd period - Shot Misses the Net.
12:00 of 3rd period - Minor Penalty to Drake Caggiula for Roughing.
12:01 of 3rd period - Zach Aston-Reese wins face-off versus Brandon Pirri in Eagles zone.
12:12 of 3rd period - Wrist shot by Anthony Duclair.
12:12 of 3rd period - Shot Misses the Net.
12:14 of 3rd period - Slapshot by Keaton Middleton.
12:14 of 3rd period - Shot Misses the Net.
12:16 of 3rd period - Snap shot by Zach Aston-Reese.
12:16 of 3rd period - Deflect By Anthony Duclair.
12:16 of 3rd period - Shot Misses the Net.
12:16 of 3rd period - Puck is out of play.
12:17 of 3rd period - Anthony Duclair wins face-off versus Brandon Pirri in Rocket zone.
12:24 of 3rd period - Snap shot by Anthony Duclair.
12:24 of 3rd period - Shot Misses the Net.
12:31 of 3rd period - Off-side.
12:32 of 3rd period - Zach Aston-Reese wins face-off versus Brandon Pirri in neutral zone.
12:37 of 3rd period - Scott Wilson is hit by Zach Aston-Reese and loses puck.
13:14 of 3rd period - Dylan DeMelo is hit by Nick Cousins and loses puck.
13:25 of 3rd period - Nick Cousins is hit by Peter Holland and loses puck.
13:34 of 3rd period - Penalty to Viktor Loov is over, Viktor Loov is back on ice.
14:00 of 3rd period - Penalty to Drake Caggiula is over, Drake Caggiula is back on ice.
14:31 of 3rd period - Slapshot by Raphael Bussieres.
14:31 of 3rd period - Goal by Raphael Bussieres - Rocket : 1 - Eagles : 1.
14:32 of 3rd period - Dominic Turgeon wins face-off versus Jared McCann in neutral zone.
14:34 of 3rd period - Off-side.
14:35 of 3rd period - Jared McCann wins face-off versus Dominic Turgeon in neutral zone.
15:12 of 3rd period - Wrist shot by Anthony Duclair.
15:12 of 3rd period - Goal by Anthony Duclair - Rocket : 1 - Eagles : 2.
15:13 of 3rd period - Drake Caggiula wins face-off versus Dominic Turgeon in neutral zone.
15:20 of 3rd period - Snap shot by Dominic Turgeon.
15:20 of 3rd period - Stopped by Daniel Altshuller with a rebound.
15:26 of 3rd period - Wrist shot by Brandon Pirri.
15:26 of 3rd period - Deflect By Dominic Turgeon.
15:26 of 3rd period - Stopped by Daniel Altshuller with a rebound.
15:40 of 3rd period - Troy Terry is hit by Matteson Iacopelli and loses puck.
15:49 of 3rd period - Slapshot by Matteson Iacopelli.
15:49 of 3rd period - Shot Misses the Net.
15:51 of 3rd period - Slapshot by Michael Carcone.
15:51 of 3rd period - Deflect By Matteson Iacopelli.
15:51 of 3rd period - Shot Misses the Net.
15:51 of 3rd period - Puck is out of play.
15:52 of 3rd period - Dominic Turgeon wins face-off versus Jared McCann in Rocket zone.
16:01 of 3rd period - Brandon Pirri is hit by Jonathan Racine and loses puck.
16:14 of 3rd period - Gabriel Vilardi is hit by Viktor Loov and loses puck.
16:28 of 3rd period - Icing by Andrei Mironov.
16:29 of 3rd period - Sam Steel wins face-off versus Dominic Turgeon in Rocket zone.
16:46 of 3rd period - Connor Carrick is hit by Brandon Pirri and loses puck.
16:59 of 3rd period - Slapshot by Connor Carrick.
16:59 of 3rd period - Stopped by Eamon McAdam with a rebound.
17:05 of 3rd period - Slapshot by Matteson Iacopelli.
17:05 of 3rd period - Stopped by Eamon McAdam with a rebound.
17:07 of 3rd period - Minor Penalty to Scott Wilson for Slashing.
17:08 of 3rd period - Gabriel Vilardi wins face-off versus Branden Troock in Rocket zone.
17:17 of 3rd period - Snap shot by Drake Caggiula.
17:17 of 3rd period - Shot Blocked by Dean Kukan.
17:19 of 3rd period - Slapshot by Jack Dougherty.
17:19 of 3rd period - Shot Blocked by Dean Kukan.
17:21 of 3rd period - Slapshot by Jack Dougherty.
17:21 of 3rd period - Deflect By Joseph Blandisi.
17:21 of 3rd period - Stopped by Eamon McAdam without a rebound.
17:22 of 3rd period - Zach Aston-Reese wins face-off versus Brandon Pirri in Rocket zone.
19:07 of 3rd period - Penalty to Scott Wilson is over, Scott Wilson is back on ice.
19:31 of 3rd period - Minor Penalty to Mikhail Maltsev for Holding.
19:32 of 3rd period - Brandon Pirri wins face-off versus Drake Caggiula in Rocket zone.
19:40 of 3rd period - Snap shot by Connor Carrick.
19:40 of 3rd period - Goal by Connor Carrick - Rocket : 1 - Eagles : 3.
19:41 of 3rd period - Sam Steel wins face-off versus Karson Kuhlman in neutral zone.
19:54 of 3rd period - Wrist shot by Matteson Iacopelli.
19:54 of 3rd period - Stopped by Eamon McAdam with a rebound.
19:56 of 3rd period - Wrist shot by Sam Steel.
19:56 of 3rd period - Shot Misses the Net.
Goals for this period are 1 for Rocket vs 2 for Eagles.
Shots for this period are 6 for Rocket vs 8 for Eagles.